 Dungeon Crawl Stone Soup version 0.19-a0-14-gde87d98 (webtiles) character file.

8195 Karasique the Fighter (level 11, -1/91 HPs)
             Began as a Mottled Draconian Wanderer on Apr 29, 2016.
             Was an Initiate of Gozag.
             Slain by a fire elemental (14 damage)
             ... in a volcano.
             The game lasted 00:29:31 (10530 turns).

Karasique the Fighter (Mottled Draconian Wanderer) Turns: 10530, Time: 00:29:31

Health: -1/91      AC: 11    Str: 15    XL:     11   Next: 6%
Magic:  7/7        EV: 16    Int: 20    God:    Gozag
Gold:   2248       SH:  3    Dex: 13    Spells: 0 memorised, 10 levels left

rFire  . . .     SeeInvis +     a - +3 hand axe of Okawaru's Generosity {elec, rPois MP-9 Int+7}
rCold  + . .     Gourm    .     (armour unavailable)
rNeg   . . .     Faith    .     (no shield)
rPois  +         Spirit   .     (helmet restricted)
rElec  .         Dismiss  .     y - +1 cloak {rPois}
rCorr  .         Reflect  +     (no gloves)
SustAt .         Harm     .     D - +0 pair of boots
MR     .....                    O - +3 amulet of reflection
Stlth  +.........               w - ring of protection from cold
                                U - ring of see invisible

@: not resistant to hostile enchantments, very unstealthy
A: breathe sticky flame splash, unfitting armour, frail 1, high mp 1, shaggy fur
1, cold-blooded, AC +7
a: Breathe Sticky Flame, Potion Petition, Call Merchant, Bribe Branch, Renounce
Religion


You were in a volcano.
You worshipped Gozag.
Gozag was noncommittal.
You were not hungry.

You visited 4 branches of the dungeon, and saw 13 of its levels.
You also visited: Ossuary and Volcano.

You collected 2333 gold pieces.
You paid 85 gold pieces to Gozag.

Inventory:

Hand Weapons
 a - the +3 hand axe of Okawaru's Generosity (weapon) {elec, rPois MP-9 Int+7}
   (You found it on level 4 of the Dungeon)

   Occasionally, upon striking a foe, it will discharge some electrical energy
   and cause terrible harm.
   It affects your intelligence (+7).
   It protects you from poison.
   It affects your magic capacity (-9).
Missiles
 p - 6 javelins of penetration (quivered)
Armour
 y - a +1 cloak of poison resistance (worn)
 D - a +0 pair of boots (worn)
Jewellery
 w - a ring of protection from cold (right hand)
 O - a +3 amulet of reflection (around neck)
 U - a ring of see invisible (left hand)
Wands
 h - a wand of disintegration (5/24)
 o - a wand of random effects (25/48)
 s - a wand of random effects (15/48)
 C - a wand of flame (7/48)
 E - a wand of flame (33/48)
 I - a wand of flame (22/48)
 M - a wand of random effects (30/48)
 T - a wand of paralysis (10/24)
Scrolls
 b - 6 scrolls of teleportation
 e - 2 scrolls of immolation
 k - 5 scrolls of enchant armour
 l - a scroll of blinking {unknown}
 m - 2 scrolls of fear
 n - 2 scrolls of recharging {unknown}
 t - a scroll of magic mapping
 v - a scroll of random uselessness {unknown}
 x - 2 scrolls of amnesia
 A - a scroll of remove curse
 F - a scroll of enchant weapon {unknown}
 H - a scroll of noise {unknown}
 Q - a scroll of brand weapon {unknown}
Potions
 f - 2 potions of haste
 g - a potion of invisibility
 i - 2 potions of flight
 q - 3 potions of curing
 u - 3 potions of magic
 z - a potion of lignification
 J - a potion of resistance {unknown}
 K - 3 potions of berserk rage
 L - a potion of might
 N - a potion of ambrosia {unknown}
 P - 3 potions of heal wounds {unknown}
 S - 2 potions of brilliance {unknown}
Books
 d - a book of the Tempests

   Spells                             Type                      Level
   a - Static Discharge               Conjuration/Air              3
   b - Lightning Bolt                 Conjuration/Air              5
   c - Fireball                       Conjuration/Fire             5
   d - Tornado                        Air                          9
   e - Shatter                        Earth                        9
 r - a book of Callings

   Spells                             Type                      Level
   a - Summon Small Mammal            Summoning                    1
   b - Call Imp                       Summoning                    2
   c - Call Canine Familiar           Summoning                    3
   d - Summon Guardian Golem          Hexes/Summoning              3
   e - Summon Lightning Spire         Summoning/Air                4
   f - Summon Ice Beast               Ice/Summoning                4
 B - a book of Annihilations

   Spells                             Type                      Level
   a - Poison Arrow                   Conjuration/Poison           6
   b - Chain Lightning                Conjuration/Air              8
   c - Lehudib's Crystal Spear        Conjuration/Earth            8
   d - Glaciate                       Conjuration/Ice              9
   e - Fire Storm                     Conjuration/Fire             9
 R - a book of Fire

   Spells                             Type                      Level
   a - Ignite Poison                  Fire/Transmutation/Poison    3
   b - Fireball                       Conjuration/Fire             5
   c - Bolt of Fire                   Conjuration/Fire             6
   d - Delayed Fireball               Conjuration/Fire             7
   e - Ring of Flames                 Charms/Fire                  7
Comestibles
 c - 3 bread rations
 G - 6 fruits


   Skills:
 + Level 11.4 Fighting
 + Level 10.0 Axes
 - Level 1.0 Throwing
 + Level 8.5 Dodging
 + Level 5.7 Evocations


You had 10 spell levels left.
You didn't know any spells.

Dungeon Overview and Level Annotations

Branches:
Dungeon (10/15)            Temple (1/1) D:4            Lair (1/8) D:9
    Orc (1/2) D:9

Altars:
Ashenzari
Cheibriados
Dithmenos
Elyvilon
Fedhas
Gozag
Kikubaaqudgha
Makhleb
Nemelex Xobeh
Pakellas
Ru
Sif Muna
Vehumet
Xom
Yredelemnul
The Shining One

Annotations:
D:6 DEFE's ghost, novice DEFi
D:8 Charly's ghost, novice HOBe
Orc:1 DEFE's ghost, journeyman DEFi


Innate Abilities, Weirdness & Mutations

You can spit globs of burning liquid.
You can ignite nearby creatures when you spit burning liquid.
Your weird mottled scales are hard (AC +7).
Your body does not fit into most forms of armour.
You are cold-blooded and may be slowed by cold attacks.
You are frail (-10% HP).
You have an increased reservoir of magic (+10% MP).
You are covered in fur (AC +1).


Message History

Evoke which item? (* to show all) (? for menu, Esc to quit)
Zapping:
h - a wand of disintegration {zapped: 4} (will waste charges)
Press: ? - help, Shift-Dir - straight line, f - fire elemental
Aim: a fire elemental (almost destroyed, magic immune)
The fire elemental is unaffected.
Evoking this partially-identified wand wasted a few charges.
The fire elemental barely misses you.
Evoke which item? (* to show all) (? for menu, Esc to quit)
Zapping:
s - a wand of random effects {zapped: 7} (will waste charges)
Press: ? - help, Shift-Dir - straight line, f/p - fire elemental
Aim: a fire elemental (almost destroyed)
The puff of flame hits the fire elemental.
The fire elemental completely resists.
The fire elemental is almost destroyed.
Evoking this partially-identified wand wasted a few charges.
Your skill with magical items lets you calculate the power of this device...
This wand has 15 charges left.
The fire elemental hits you. The fire elemental burns you!
You die...
Your body crumbles into a pile of gold.

.####..........### ###.....####..
.................###.............
................................≈
.......≈..§§≈...........≈§.....≈§
....§≈≈≈≈≈§≈≈≈≈......≈§§≈≈≈..≈≈§≈
..§≈§≈≈§§§§≈§§≈§≈§§§§≈≈§≈≈≈≈≈≈≈≈§
...≈≈§≈§≈≈≈§≈§..§§≈§≈≈§§§≈≈§≈≈≈≈≈
....≈§≈≈§§≈..§..§§§.§§§§≈≈≈≈.≈≈§≈
...§§§§≈§≈....§.@E...≈≈§≈v≈...≈§≈
...§≈§≈≈§.....###.....≈≈≈≈. ..≈≈
..§§≈≈≈§§....## #...... ..≈
.......§....## ##.... .
#.........### ... ###.....### #.
###.### ###


You could see a fire elemental.

Vanquished Creatures
  Joseph (D:7)
  A gargoyle (Volcano)
  A komodo dragon (Lair:1)
  An efreet (Volcano)
  The ghost of ololoev the Chopper, an amateur HOFi (D:7)
  A two-headed ogre (D:9)
  A troll (D:9)
  Sigmund (D:4)
  5 yaks (D:9)
  A wyvern (D:9)
  A hungry ghost (D:7)
  A steam dragon (D:8)
  2 hippogriffs
  Edmund (D:5)
  3 wargs
  2 water moccasins
  Duvessa (D:5)
  A porcupine (Lair:1)
  2 orc warriors
  A wasp (D:9)
  3 ice beasts
  A black bear (D:10)
  4 ogres
  A necrophage (D:9)
  An eye of draining (D:9)
  3 centaurs (D:7)
  10 giant frogs
  A big kobold (D:10)
  An elf zombie (Ossuary)
  Dowan (D:5)
  2 scorpions
  A howler monkey (D:9)
  3 crimson imps
  4 centaur zombies
  4 hounds
  2 quasits
  A centaur skeleton (D:6)
  2 giant frog skeletons
  A human zombie (Ossuary)
  8 orc wizards
  Crazy Yiuf (D:4)
  7 orc priests
  An iguana (D:8)
  6 worker ants
  A killer bee zombie (D:6)
  2 big kobold zombies (Ossuary)
  A hound zombie (D:5)
  A hound skeleton (D:9)
  2 mummies (Ossuary)
  Robin (D:4)
  2 worker ant zombies (D:6)
  A howler monkey skeleton (D:8)
  7 gnolls
  14 adders
  A shadow imp (D:9)
  An ooze (D:4)
  2 adder skeletons
  3 worms
  2 dart slugs
  4 giant geckos
  22 orcs
  12 giant cockroaches
  3 gnoll zombies (Ossuary)
  11 hobgoblins
  4 jackals
  12 kobolds
  3 quokkas
  A ball python (D:1)
  5 bats
  A giant gecko skeleton (D:4)
  11 giant newts
  16 goblins
  3 goblin zombies (Ossuary)
  3 hobgoblin zombies (Ossuary)
  2 quokka skeletons
  7 rats
  A fungus (D:4)
260 creatures vanquished.

Vanquished Creatures (others)
  A kobold (D:10)
1 creature vanquished.

Grand Total: 261 creatures vanquished

Notes
Turn   | Place    | Note
--------------------------------------------------------------
     0 | D:1      | Karasique the Draconian Wanderer began the quest for the Orb.
     0 | D:1      | Karasique set off with: a +2 hand axe, 2 scrolls of teleportation, a bread ration
     0 | D:1      | Reached XP level 1. HP: 23/23 MP: 1/1
   266 | D:1      | Reached XP level 2. HP: 29/29 MP: 2/2
   401 | D:1      | Reached skill level 1 in Dodging
   727 | D:2      | Reached XP level 3. HP: 33/37 MP: 3/3
  1090 | D:2      | Reached skill level 6 in Fighting
  1276 | D:3      | Reached XP level 4. HP: 27/44 MP: 4/4
  1725 | D:3      | Found a sacrificial altar of Ru.
  1846 | D:3      | Reached XP level 5. HP: 48/51 MP: 5/5
  2619 | D:4      | Found a staircase to the Ecumenical Temple.
  2628 | Temple   | Entered the Ecumenical Temple
  2748 | Temple   | Became a worshipper of Gozag Ym Sagoz the Greedy
  2797 | D:4      | Got an ichor-stained hand axe
  2798 | D:4      | Identified the +3 hand axe of Okawaru's Generosity {elec, rPois MP-9 Int+7} (You found it on level 4 of the Dungeon)
  2857 | D:4      | Noticed Sigmund
  2868 | D:4      | Killed Sigmund
  2868 | D:4      | Reached skill level 7 in Fighting
  2868 | D:4      | Reached XP level 6. HP: 59/60 MP: 6/6
  3087 | D:4      | Found a snail-covered altar of Cheibriados.
  3088 | D:4      | Noticed Robin
  3106 | D:4      | Killed Robin
  3260 | D:4      | Noticed Crazy Yiuf
  3263 | D:4      | Killed Crazy Yiuf
  3263 | D:4      | Reached skill level 5 in Axes
  3322 | D:5      | Entered Level 5 of the Dungeon
  3427 | D:5      | Found a deep blue altar of Sif Muna.
  3427 | D:5      | Noticed Dowan
  3428 | D:5      | Noticed Duvessa
  3453 | D:5      | Killed Duvessa
  3453 | D:5      | Your scales start taking on a weird mottled colour.
  3453 | D:5      | Reached XP level 7. HP: 56/66 MP: 7/7
  3453 | D:5      | Killed Dowan
  3655 | D:5      | Found an ancient bone altar of Kikubaaqudgha.
  3657 | D:5      | Found a burning altar of Makhleb.
  3658 | D:5      | Found a snail-covered altar of Cheibriados.
  3660 | D:5      | Found a radiant altar of Vehumet.
  3661 | D:5      | Found a shadowy altar of Dithmenos.
  3666 | D:5      | Noticed Edmund
  3779 | D:5      | Killed Edmund
  3783 | D:5      | Reached skill level 8 in Fighting
  4105 | D:5      | Reached XP level 8. HP: 74/74 MP: 8/8
  4464 | D:6      | Noticed DEFE's ghost (novice DEFi)
  4470 | D:6      | Reached skill level 5 in Dodging
  4643 | D:6      | Gained mutation: You occasionally shout uncontrollably at your foes. [potion of mutation]
  4643 | D:6      | Gained mutation: You are frail (-10% HP). [potion of mutation]
  4643 | D:6      | Lost mutation: You occasionally shout uncontrollably at your foes. [potion of mutation]
  4991 | D:7      | Noticed Joseph
  5013 | D:7      | Killed Joseph
  5013 | D:7      | Reached skill level 9 in Fighting
  5107 | D:7      | Reached XP level 9. HP: 40/74 MP: 9/9
  5316 | D:7      | Noticed ololoev's ghost (amateur HOFi)
  5333 | D:7      | Killed ololoev's ghost
  6022 | D:6      | Reached skill level 10 in Fighting
  6736 | D:8      | Found a sand-covered staircase.
  6749 | Ossuary  | Entered an ossuary
  7099 | D:8      | Noticed Charly's ghost (novice HOBe)
  7307 | D:8      | Gained mutation: You are covered in fur (AC +1). [potion of mutation]
  7307 | D:8      | Gained mutation: You have an increased reservoir of magic (+10% MP). [potion of mutation]
  7523 | D:8      | Reached XP level 10. HP: 73/84 MP: 13/13
  7959 | D:9      | Found a staircase to the Orcish Mines.
  8813 | D:9      | Found a staircase to the Lair.
  9217 | D:9      | Reached skill level 11 in Fighting
  9254 | D:9      | Reached skill level 5 in Evocations
  9548 | D:10     | Entered Level 10 of the Dungeon
  9593 | D:10     | Found a shadowy altar of Dithmenos.
  9707 | D:10     | Noticed a hill giant
  9725 | D:10     | Noticed a purple ugly thing
  9856 | Orc:1    | Entered Level 1 of the Orcish Mines
  9856 | Orc:1    | Noticed DEFE's ghost (journeyman DEFi)
  9910 | Lair:1   | Entered Level 1 of the Lair of Beasts
 10166 | Lair:1   | Found a dark tunnel.
 10169 | Volcano  | Entered a volcano
 10169 | Volcano  | Noticed a gargoyle
 10192 | Volcano  | Killed a gargoyle
 10192 | Volcano  | Reached skill level 10 in Axes
 10192 | Volcano  | Reached XP level 11. HP: 36/91 MP: 7/16
 10530 | Volcano  | Slain by a fire elemental

Vault maps used:
D:1:      roderic_dead_forest, serial_bayou, serial_bayou_crossing,
          serial_bayou_pond_b, serial_bayou_pond_d, serial_bayou_lake_a,
          corner_web_ring
D:2:      nrook_mini_backslash
D:3:      nicolae_ru_path_of_blood
D:4:      minmay_temple_entry_statues_pillars, cheibriados_altar_1,
          uniq_sigmund, uniq_robin, uniq_crazy_yiuf_cottage
D:5:      wad_river_or_something, grunt_temple_overflow_open,
          lemuel_crystal_altar, first_bread, uniq_edmund, uniq_duvessa
D:6:      hangedman_decor_lopped
D:7:      uniq_joseph
D:8:      lightli_ossuary_entry_decrepit_ruins
D:9:      dpeg_lair_monsters, minmay_orc_entry_guard_dogs
D:10:     serial_shops, shop_statue, serial_co_window_serial,
          co_window_corner_a, co_window_paths_a, co_window_paths_a,
          co_window_paths_b, co_window_paths_b, co_window_corner_b,
          co_window_2corner, co_window_unsneaky_path_a, co_window_corner_ca,
          co_window_sun, co_window_4corner_b, hangedman_fish_farm,
          grunt_dithmenos_smoke, uniq_sonja
Temple:   minmay_temple_curvy_14
Lair:1:   enter_volcano_4, nicolae_lair_grove_arrangements, grunt_megastairs_4
Orc:1:    basic_altar, mines1_david
Ossuary:  minmay_ossuary_gauntlet
Volcano:  volcano_overflow

Skill      XL: |  1  2  3  4  5  6  7  8  9 10 |
---------------+-------------------------------+-----
Dodging        | 1 2 3 4 6 7 8 |  8.5
Fighting       | 6 7 8 9 10 11 | 11.4
Axes           | 4 5 6 7 8 10 | 10.0
Evocations     | 3 5 |  5.7
Throwing       | |  1.0

Action                   |  1- 3 |  4- 6 |  7- 9 | 10-12 || total
-------------------------+-------+-------+-------+-------++-------
Melee: Hand axe          |   104 |   153 |   305 |   254 ||   816
       Tailslap          |     8 |    23 |    37 |    27 ||    95
Throw: Javelin           |     3 |     5 |       |       ||     8
Invok: Potion Petition   |       |       |     1 |       ||     1
 Abil: Breathe Sticky Fl |       |       |    14 |    13 ||    27
Evoke: Wand              |       |     3 |       |     3 ||     6
  Use: Scroll            |       |     4 |     9 |     2 ||    15
       Potion            |       |       |     3 |       ||     3
 Stab: Sleeping          |     3 |       |     1 |       ||     4
       Distracted        |       |       |     3 |       ||     3
       Invisible         |       |       |     1 |       ||     1
  Eat: Chunk             |    11 |     3 |       |       ||    14
       Meat ration       |       |       |     3 |       ||     3
       Bread ration      |       |       |       |     2 ||     2
       Beef jerky        |       |       |       |     2 ||     2
Armor: Skin              |    28 |    41 |    73 |    61 ||   203
Dodge: Dodged            |    53 |    75 |   201 |   165 ||   494
Block: Other             |       |       |       |    21 ||    21
       Reflection        |       |       |       |     2 ||     2
